 Dungeon Crawl Stone Soup version 0.29-a0-559-g359e09b9d1 (webtiles) character file.

Game seed: 13617615051780738813

123 thegrandfake the Chopper (level 4, -1/41 HPs)
             Began as a Minotaur Berserker on June 10, 2022.
             Was a Believer of Trog.
             Killed from afar by an orc wizard (8 damage)
             ... with a puff of flame
             ... on level 4 of the Dungeon.
             The game lasted 00:10:14 (1943 turns).

thegrandfake the Chopper (Minotaur Berserker)       Turns: 1943, Time: 00:10:15

Health: -1/41      AC:  7    Str: 25    XL:     4   Next: 79%
Magic:  3/3        EV:  9    Int:  4    God:    Trog [**....]
Gold:   76         SH:  0    Dex: 10    Spells: 3/3 levels left

rFire   . . .      SeeInvis .   e - +0 great sword
rCold   . . .      Faith    .   (shield currently unavailable)
rNeg    . . .      Spirit   .   j - +2 chain mail
rPois   .          Reflect  .   (helmet restricted)
rElec   .          Harm     .   (no cloak)
rCorr   .          Rampage  .   (no gloves)
Will    .....                   (no boots)
Stlth   ..........              (no amulet)
HPRegen 0.13/turn               (no ring)
MPRegen 0.08/turn               (no ring)

@: no status effects
A: horns 2, retaliatory headbutt, deformed body, strong 1
a: Renounce Religion, Berserk, Trog's Hand


You were on level 4 of the Dungeon.
You worshipped Trog.
Trog was pleased with you.
You visited 1 branch of the dungeon, and saw 4 of its levels.

You collected 76 gold pieces.

Inventory:

Hand Weapons
 a - the +3 spear "Litzem" {speed, Dex+2}
   (You found it on level 3 of the Dungeon)

   Attacks with this weapon are significantly faster.
   Dex:       It affects your dexterity (+2).
 e - a +0 great sword (weapon)
Armour
 j - a +2 chain mail (worn)
Wands
 d - a wand of flame (9)
Scrolls
 b - 2 scrolls of magic mapping
 f - a scroll of brand weapon {unknown}
 h - a scroll of identify
Potions
 c - 2 potions of curing {unknown}
 k - a potion of haste {unknown}


   Skills:
 + Level 4.4 Fighting
 + Level 1.3 Long Blades
 + Level 4.7 Axes
 + Level 3.9 Armour
 + Level 2.7 Dodging


You had 3 spell levels left.
You didn't know any spells.
Your spell library was empty.

Dungeon Overview and Level Annotations

Branches:
Dungeon (4/15)
 Temple: D:4-7

Altars:
Elyvilon


Innate Abilities, Weirdness & Mutations

You have a pair of horns on your head.
You reflexively headbutt those who attack you in melee.
Armour fits poorly on your strangely shaped body.
Your muscles are strong. (Str +2)


Message History

The orc hits you but does no damage.
The orc throws a boomerang.
The boomerang hits you but does no damage.
Something hits you but does no damage. The orc barely misses you.
You slash the orc!
You kill the orc!
Trog accepts your kill.
You feel sick.
The orc hits you from afar with a +0 trident.
The orc hits you but does no damage.
You hear some strange, mumbled words.
Something tries to affect you, but you resist.
The orc throws a boomerang.
The boomerang barely misses you. Something hits you but does no damage.
The orc hits you but does no damage.
The orc hits you from afar with a +0 trident.
You completely miss something. You headbutt something.
You feel sick.
You are no longer poisoned.
The orc hits you with a +0 whip.
The orc throws a boomerang.
The boomerang hits you. The orc closely misses you. Something hits you.
* * * LOW HITPOINT WARNING * * *
You closely miss something. The orc barely misses you.
The orc hits you with a +0 whip.
* * * LOW HITPOINT WARNING * * *
Something hits you.
* * * LOW HITPOINT WARNING * * *
The orc barely misses you. You furiously retaliate!
You headbutt the orc!
You kill the orc!
Trog accepts your kill.
The orc hits you but does no damage. x2; Something hits you but does no damage.
There are monsters nearby!
Blink to where?
Press: ? - help, Dir - move target
As you read the scroll of blinking, it crumbles to dust.
An orc wizard appears from thin air!
Reactivating autopickup.
The orc wizard gestures at you while chanting.
The puff of flame hits you.
* * * LOW HITPOINT WARNING * * *
The orc wizard casts a spell at you. The puff of flame hits you!
You die...

#...# #....# #..###.##
#...# #....# #........
##...# ###....#
#.####.## .....#
#......# #.#
.##..###......# #o#
.##..#<'.....#######o#
.....###.............#
.#.#.# #.............#
.#.#>####.)..<..@....#
.#.#.....†...........#
.#.#.###.............#
#.# #.#.##........#
#.# #.#.#########.#
... #...# #.# ###
##### #.# ..#


You could see an orc wizard.

Vanquished Creatures
  Ijyb (D:4)
  4 adders
  A dart slug (D:4)
  2 orcs (D:4)
  4 bats
  8 endoplasms
  2 giant cockroaches (D:4)
  6 goblins
  2 hobgoblins
  A kobold (D:1)
  A quokka (D:4)
  8 ball pythons
  14 frilled lizards
  3 rats (D:1)
57 creatures vanquished.

Vanquished Creatures (others)
  13 plants
13 creatures vanquished.

Grand Total: 70 creatures vanquished

Notes
Turn   | Place    | Note
-------+----------+-------------------------------------------
     0 | D:1      | thegrandfake the Minotaur Berserker began the quest for the
                  | Orb.
     0 | D:1      | Reached XP level 1. HP: 19/19 MP: 0/0
   181 | D:1      | Reached XP level 2. HP: 18/27 MP: 1/1
   530 | D:2      | Found a white marble altar of Elyvilon.
   594 | D:2      | Reached XP level 3. HP: 29/33 MP: 2/2
   916 | D:3      | Identified the +3 spear "Litzem" {speed, Dex+2}
  1143 | D:3      | Reached ** piety under Trog
  1721 | D:4      | Reached XP level 4. HP: 41/41 MP: 3/3
  1783 | D:4      | Noticed Ijyb
  1807 | D:4      | Killed Ijyb
  1888 | D:4      | Gained mutation: Armour fits poorly on your strangely
                  | shaped body. [potion of mutation]
  1888 | D:4      | Gained mutation: Your muscles are strong. (Str +2) [potion
                  | of mutation]
  1907 | D:4      | Reached skill level 1 in Long Blades
  1943 | D:4      | Killed from afar by an orc wizard

Illustrated notes

Levels and vault maps discovered:
D:1:      onia_arrival_handbag, layout_loops_ring,
          hellmonk_ecumenical_altar_lost_god, serial_forest,
          infiniplex_forest_clump_tiny, infiniplex_forest_lined_corner,
          infiniplex_forest_lined_room_, infiniplex_forest_pool,
          infiniplex_forest_lined_room_2, infiniplex_forest_lined_corner,
          infiniplex_forest_clump_double, minmay_misc_feat_x
D:2:      layout_basic, basic_altar, nicolae_elevator_lobby_asterisk,
          uniq_sigmund
D:3:      layout_loops_cross, cheibrodos_sewer_entry_bend, minmay_lizard_king
D:4:      layout_basic, minmay_door_square, solitary_fountain, uniq_ijyb

Skill      XL: |  1  2  3  4 |
---------------+-------------+-----
Axes           | 4 |  4.7
Fighting       | 4 |  4.4
Armour         | 3 |  3.9
Long Blades    | 1 |  1.3
Dodging        | |  2.7

Action                   |  1- 3 |  4- 6 || total
-------------------------+-------+-------++-------
Melee: Hand axe          |    49 |       ||    49
       Headbutt          |    16 |     2 ||    18
       Punch             |     1 |       ||     1
       Great sword       |    25 |    36 ||    61
  Use: Potion            |     1 |     1 ||     2
       Scroll            |     7 |     2 ||     9
Armor: Robe              |     3 |       ||     3
       Animal skin       |     1 |       ||     1
       Scale mail        |    40 |       ||    40
       Chain mail        |     2 |    52 ||    54
Dodge: Dodged            |    59 |    31 ||    90

Table legend: (Time is in decaauts)
 A = Elapsed time spent in this place.
 B = Non-inter-level travel time spent in this place.
 C = Inter-level travel time spent in this place.
 D = Time resting spent in this place.
 E = Time spent auto-exploring this place.
 F = Levels seen in this place.
 G = Mean time per level.
                   A        B        C        D        E       F      G
               +--------+--------+--------+--------+--------+-----+--------+
         Total |   1986 |   1979 |      7 |      0 |     13 |   4 |  496.5 |
       Dungeon |   1986 |   1979 |      7 |      0 |     13 |   4 |  496.5 |
               +--------+--------+--------+--------+--------+-----+--------+

Top non-repeatable levels by time:
     D:3: 706 daAuts
     D:1: 532 daAuts
     D:4: 511 daAuts
     D:2: 235 daAuts
